 Dungeon Crawl Stone Soup version 0.28.0-49-g6dfe1f597d (webtiles) character file.

Game seed: 17006827934859851969

8371 Zeld the Cleaver (level 11, -3/104 HPs)
             Began as a Hill Orc Monk on May 15, 2022.
             Was a High Priest of Beogh.
             Killed by divine providence
             ... invoked by a meliai
              (16 damage)
             ... on level 11 of the Dungeon.
             The game lasted 00:13:24 (17951 turns).

Zeld the Cleaver (Hill Orc Monk)                   Turns: 17951, Time: 00:13:25

Health: -3/104     AC: 21    Str: 19    XL:     11   Next: 29%
Magic:  24/24      EV:  9    Int: 10    God:    Beogh [*****.]
Gold:   3          SH:  0    Dex: 13    Spells: 10/10 levels left

rFire   . . .      SeeInvis .   a - +3 war axe
rCold   . . .      Faith    .   (no shield)
rNeg    . . .      Spirit   .   b - +10 chain mail of Bell {+Inv MP+9 Slay+2}
rPois   .          Reflect  .   (no helmet)
rElec   .          Harm     .   (no cloak)
rCorr   .          Rampage  .   q - +0 pair of gloves
Will    .....                   (no boots)
Stlth   ..........              (no amulet)
HPRegen 0.27/turn               (no ring)
MPRegen 0.19/turn               (no ring)

@: hasted, very quick
A: walk on water
a: Renounce Religion, Evoke Invisibility, Smiting, Recall Orcish Followers, Give
Item to Named Follower


You were on level 11 of the Dungeon.
You worshipped Beogh.
Beogh was extremely pleased with you.
You visited 2 branches of the dungeon, and saw 12 of its levels.

You collected 590 gold pieces.
You spent 587 gold pieces at shops.

Inventory:

Hand Weapons
 a - a +3 war axe (weapon)
 w - a +0 war axe
Armour
 b - the +10 chain mail of Bell (worn) {+Inv MP+9 Slay+2}
   (You found it on level 10 of the Dungeon)

   Slay:      It affects your accuracy & damage with ranged weapons and melee
   (+2).
   MP:        It affects your magic capacity (+9).
   +Inv:      It lets you turn invisible.
 q - a +0 pair of gloves (worn)
Jewellery
 y - a ring of magical power
Wands
 i - a wand of digging (13)
 n - a wand of acid (6)
 s - a wand of flame (22)
Scrolls
 c - 8 scrolls of identify {unknown}
 d - 2 scrolls of vulnerability {unknown}
 e - 3 scrolls of amnesia {unknown}
 f - 3 scrolls of teleportation {unknown}
 m - 2 scrolls of blinking {unknown}
 o - 3 scrolls of noise {unknown}
 p - a scroll of fear {unknown}
 u - a scroll of acquirement {unknown}
 v - a scroll of immolation {unknown}
 x - a scroll of enchant weapon {unknown}
Potions
 g - 2 potions of might
 h - 2 potions of curing
 j - 4 potions of flight {unknown}
 k - a potion of attraction {unknown}
 l - a potion of degeneration {unknown}
 r - a potion of mutation
 t - 4 potions of lignification {unknown}
 z - 4 potions of heal wounds {unknown}
 A - 4 potions of haste
 B - a potion of cancellation {unknown}
 C - 4 potions of brilliance {unknown}
 D - a potion of ambrosia {unknown}


   Skills:
 * Level 11.7 Fighting
 * Level 12.8 Axes
 + Level 7.0 Armour
 + Level 6.0 Dodging
 - Level 1.5 Stealth
 * Level 5.3 Invocations
 * Level 4.0 Evocations


You had 10 spell levels left.
You didn't know any spells.
Your spell library was empty.

Dungeon Overview and Level Annotations

Branches:
Dungeon (11/15)            Temple (1/1) D:7            Lair (0/6) D:11
    Orc: D:9-12

Altars:
Ashenzari
Cheibriados
Dithmenos
Elyvilon
Fedhas
Gozag
Hepliaklqana
Kikubaaqudgha
Makhleb
Nemelex Xobeh
Okawaru
Qazlal
Ru
Sif Muna
Trog
Uskayaw
Vehumet
Wu Jian
Xom
Yredelemnul
Zin
The Shining One

Shops:
D:2 !   D:9 !**(   D:10 [


Message History

A meliai comes into view. It is wielding a +0 war axe.
Something barely misses the killer bee.
Something blocks the killer bee's attack.
The killer bee stings something!
The water moccasin bites you.
* * * LOW HITPOINT WARNING * * *
Your orc wizard hits the water moccasin with a +0 dagger.
The sentinel's mark upon you fades away.
Your orc wizard barely misses the acid dragon.
A troll comes into view.
Zartorak blocks something's attack.
Something stings Zartorak.
The meliai calls upon its god to heal the killer bee.
The killer bee is healed somewhat.
Zartorak blocks something's attack. x2
The meliai calls upon its god to heal something.
The acid dragon spits acid at you. The splash of acid misses you.
The meliai closely misses your orc wizard.
The meliai stings your orc wizard!
Your orc wizard hits the meliai with a +0 dagger.
Beogh accepts your kill.
Beogh appreciates your killing of a heretic priest.
You feel a bit more experienced.
A killer bee comes into view.
The meliai barely misses your orc wizard. x2
Things that are here:
a +0 dire flail; a +0 plate armour; a yak corpse Your orc wizard no longer looks unusually strong.
The troll misses you. The troll claws you.
* * * LOW HITPOINT WARNING * * *
The troll claws you but does no damage.
Your orc wizard hits the meliai with a +0 dagger.
The meliai mumbles some strange prayers to its god against you.
Something smites you!
* * * LOW HITPOINT WARNING * * *
The meliai calls upon its god to heal something.
The troll closely misses you. The troll claws you but does no damage.
The troll claws you.
* * * LOW HITPOINT WARNING * * *
The meliai mumbles some strange prayers to its god against you.
Something smites you!
You die...

###+###......+....#
#Dy..#.# #..y.#.#
#..Ty..# #.#y####
#...#.#
#..S#.##############
#..y#.##......##....
#..@'.##......##....
#.#.####..##..##<...
#......#####..##....
#....#.# #..##....
##......#####(.......
..............'........
#......##.....#########
#...#..................
#...#..........##...#..


You could see a troll, a water moccasin, an acid dragon, 2 meliai and 3 killer
bees.

Vanquished Creatures
  Harold (D:10)
  A cyclops (D:11)
  7 yaks
  Edmund (D:6)
  Duvessa (D:5)
  2 sky beasts
  2 orc warriors
  4 black bears
  An ogre (D:5)
  A lemure (D:7)
  3 centaurs
  A phantom (D:6)
  3 kobold brigands
  2 bullfrogs
  A gnoll sergeant (D:9)
  A wyvern zombie (D:5)
  3 scorpions
  4 killer bees (D:9)
  3 wights
  6 howler monkeys
  5 hounds
  A bullfrog skeleton (D:5)
  2 gnoll shamans
  2 orc priests (D:5)
  2 iguanas
  2 orc wizards
  A killer bee zombie (D:7)
  2 hound skeletons (D:5)
  2 howler monkey zombies
  19 gnolls
  A howler monkey skeleton (D:5)
  5 adders
  A shadow imp (D:7)
  4 white imps
  An ufetubus (D:5)
  An adder zombie (D:5)
  2 worms
  A dart slug (D:1)
  22 orcs
  7 ball pythons
  7 bats
  10 endoplasms
  4 giant cockroaches
  7 goblins
  4 hobgoblins
  12 jackals
  4 quokkas
  10 frilled lizards
  11 kobolds
  4 rats
204 creatures vanquished.

Vanquished Creatures (collateral kills)
  Erica (D:9)
  A two-headed ogre (D:8)
  Pikel (D:7)
  3 komodo dragons (D:11)
  A meliai (D:11)
  A meliai zombie (D:7)
  A shadow (D:10)
  A wraith (D:9)
  5 yaks
  Eustachio (D:6)
  An orc warrior (D:6)
  An ice beast (D:6)
  A black bear (D:11)
  3 lemures
  2 kobold brigands
  A wyvern zombie (D:7)
  Dowan (D:5)
  2 killer bees
  6 wights
  A howler monkey (D:10)
  3 centaur zombies
  A bullfrog zombie (D:5)
  3 hounds
  An orc priest (D:6)
  2 gnoll shamans
  3 orc wizards (D:7)
  A killer bee zombie (D:7)
  11 gnolls
  3 orcs
  2 jackals (D:5)
  4 kobolds (D:7)
69 creatures vanquished.

Vanquished Creatures (others)
  2 orc priests
  2 orc wizards
  18 orcs
  24 fungi (D:11)
  27 plants
73 creatures vanquished.

Grand Total: 346 creatures vanquished

Notes
Turn   | Place    | Note
-------+----------+-------------------------------------------
     0 | D:1      | Zeld the Hill Orc Monk began the quest for the Orb.
     0 | D:1      | Reached XP level 1. HP: 19/19 MP: 1/1
   108 | D:2      | Reached XP level 2. HP: 26/27 MP: 2/2
   339 | D:2      | Reached skill level 1 in Armour
   339 | D:2      | Reached XP level 3. HP: 12/33 MP: 3/3
   864 | D:2      | Found Panat's Distillery.
  1992 | D:4      | Reached XP level 4. HP: 41/41 MP: 4/4
  1998 | D:4      | Reached skill level 5 in Axes
  2354 | D:4      | Reached XP level 5. HP: 24/47 MP: 5/5
  2686 | D:4      | Reached skill level 5 in Fighting
  3242 | D:4      | Became a worshipper of Beogh the Brigand
  3242 | D:4      | Reached * piety under Beogh
  3242 | D:4      | Reached ** piety under Beogh
  3905 | D:1      | Found a faded altar of an unknown god.
  4488 | D:2      | Bought a potion of curing for 42 gold pieces
  4488 | D:2      | Bought a potion of mutation for 112 gold pieces
  4944 | D:5      | Entered Level 5 of the Dungeon
  4947 | D:5      | Noticed a black bear
  5043 | D:5      | Reached skill level 6 in Axes
  5043 | D:5      | Reached XP level 6. HP: 49/56 MP: 6/6
  5384 | D:5      | Reached *** piety under Beogh
  5631 | D:5      | Reached XP level 7. HP: 38/63 MP: 7/7
  5806 | D:5      | Identified the +1 robe of Okeit {rN+ Stlth+}
  5861 | D:5      | Reached skill level 7 in Axes
  8024 | D:5      | Reached XP level 8. HP: 47/71 MP: 8/8
  8068 | D:5      | Reached skill level 8 in Axes
  9260 | D:5      | Noticed Duvessa
  9260 | D:5      | Noticed Dowan
  9267 | D:5      | Killed Duvessa
  9545 | D:5      | Gained Zartorak as an ally
  9640 | D:5      | Killed Dowan
 10126 | D:6      | Reached skill level 9 in Axes
 10415 | D:6      | Noticed Edmund
 10435 | D:6      | Killed Edmund
 10436 | D:6      | Reached XP level 9. HP: 24/82 MP: 9/9
 11040 | D:6      | Reached **** piety under Beogh
 11058 | D:6      | Found a broken altar of Ashenzari.
 11096 | D:6      | Noticed Eustachio
 11139 | D:6      | Killed Eustachio
 11439 | D:7      | Noticed Pikel
 11772 | D:7      | Reached skill level 10 in Axes
 11772 | D:7      | Reached skill level 5 in Armour
 11778 | D:7      | Killed Pikel
 11779 | D:7      | Found a staircase to the Ecumenical Temple.
 11798 | Temple   | Entered the Ecumenical Temple
 12697 | D:7      | Reached skill level 5 in Dodging
 12699 | D:7      | Gained Hilgar as an ally
 13442 | D:2      | Bought a potion of haste for 140 gold pieces
 13442 | D:2      | Bought a potion of haste for 140 gold pieces
 14025 | D:8      | Noticed a two-headed ogre
 14029 | D:8      | Your ally Hilgar died
 14049 | D:8      | Killed a two-headed ogre
 14050 | D:8      | Reached skill level 10 in Fighting
 14050 | D:8      | Reached skill level 11 in Axes
 14050 | D:8      | Reached XP level 10. HP: 44/93 MP: 10/10
 14441 | D:8      | Found a glowing golden altar of the Shining One.
 14472 | D:8      | Identified the amulet of Qaskos {Faith +Blink Fly rElec
                  | rF-}
 15709 | D:9      | Found a basalt altar of Yredelemnul.
 15713 | D:9      | Found a bloodstained altar of Trog.
 15719 | D:9      | Noticed Erica
 15726 | D:10     | Entered Level 10 of the Dungeon
 16111 | D:10     | Reached skill level 1 in Invocations
 16117 | D:10     | Reached skill level 1 in Evocations
 16488 | D:10     | Found Derhy's Antique Armour Emporium.
 16520 | D:10     | Reached skill level 12 in Axes
 16843 | D:10     | Identified the +10 chain mail of Bell {+Inv MP+9 Slay+2}
 17028 | D:10     | Noticed Harold
 17034 | D:10     | Killed Harold
 17287 | D:9      | Killed Erica
 17469 | D:9      | Found Kaudaam's Assorted Antiques.
 17469 | D:9      | Found Leneumy's Distillery.
 17469 | D:9      | Found Joij Uma's Antique Weapon Emporium.
 17470 | D:9      | Found Alleb's Assorted Antiques.
 17478 | D:9      | Bought a potion of might for 52 gold pieces
 17481 | D:9      | Bought a scroll labelled XISACU UGEO for 35 gold pieces
 17481 | D:9      | Bought a scroll labelled ISUFATUCVE for 35 gold pieces
 17481 | D:9      | Bought a white potion for 31 gold pieces
 17668 | D:9      | Found a hazy altar of Hepliaklqana.
 17670 | D:9      | Found a blossoming altar of Fedhas.
 17731 | D:11     | Noticed a cyclops
 17741 | D:11     | Killed a cyclops
 17850 | D:11     | Reached XP level 11. HP: 94/102 MP: 14/14
 17862 | D:11     | Gained Boghold as an ally
 17895 | D:11     | Reached skill level 5 in Invocations
 17896 | D:11     | Found a staircase to the Lair.
 17901 | D:11     | Reached ***** piety under Beogh
 17903 | D:11     | Your ally Boghold died
 17928 | D:11     | HP: 1/104 [komodo dragon (17)]
 17951 | D:11     | Killed from afar by a meliai

Illustrated notes

Levels and vault maps discovered:
D:1:      mainiacjoe_arrival_reflecting_pool, layout_loops_ring,
          ebering_ecumenical_altar_abandoned, columned_hall_lemuel
D:2:      layout_loops_ring, serial_shops, nicolae_shop_window_shopping,
          minmay_misc_feat_columns, minmay_lizard_pond
D:3:      layout_rooms, minmay_misc_feat_plants
D:4:      layout_loops_ring
D:5:      lemuel_castle_with_subvaults [lemuel_castle_interior_original],
          layout_basic, minmay_manual_maat, uniq_duvessa
D:6:      layout_cave_pools, evilmike_ruin_ashenzari, uniq_eustachio,
          uniq_edmund
D:7:      layout_cave_pools, minmay_temple_entry_crystal_x, serial_column_ruins,
          column_ruins_hut_ruined, column_ruins_grid_1, column_ruins_grid_1,
          column_ruins_grid_3, column_ruins_corridor_straight,
          column_ruins_open_tiny, column_ruins_corridor_straight,
          dk_noncrumbling_3, uniq_pikel
D:8:      layout_basic, mainiacjoe_overflow_alcove_1, minmay_unpleasant_kobolds
D:9:      layout_cave_pools, nicolae_overflow_hidden_temple,
          corexii_corridor_pit, minmay_shop_grid_forest,
          kennysheep_generic_room_15, uniq_erica
D:10:     layout_roguey, serial_shops, shop, uniq_harold
D:11:     layout_stronghold, due_lair_maze_entry_diamond, orc_0_dummy
Temple:   eino_temple_scatter_basement

Skill      XL: |  1  2  3  4  5  6  7  8  9 10 11 |
---------------+----------------------------------+-----
Fighting       | 4 5 6 8 10 11 | 11.7
Armour         | 1 2 3 4 5 6 7 |  7.0
Axes           | 5 6 7 9 11 12 | 12.8
Dodging        | 3 4 5 6 |  6.0
Invocations    | 4 5 |  5.3
Evocations     | 3 4 |  4.0
Stealth        | |  1.5

Action                   |  1- 3 |  4- 6 |  7- 9 | 10-12 || total
-------------------------+-------+-------+-------+-------++-------
Melee: Hand axe          |   103 |       |       |       ||   103
       Punch             |     1 |     3 |     4 |     3 ||    11
       War axe           |    14 |   192 |   274 |   154 ||   634
Invok: Convert to Beogh  |       |     1 |       |       ||     1
  Use: Potion            |       |       |       |     5 ||     5
 Stab: Sleeping          |     6 |     5 |     2 |       ||    13
       Distracted        |       |       |     2 |     1 ||     3
Armor: Robe              |    25 |    33 |    39 |     6 ||   103
       Chain mail        |       |       |       |    57 ||    57
Dodge: Dodged            |    93 |   156 |   226 |   101 ||   576
